Zazza, neutral female human Tourist # ---------- ------ ----- ------- |........| |....+################## |...| |.....-# #.........| |...f| # |<..| #......|# #|........| |....| ### ------ |...| #|.....|# #|........| |...)@:#####################-....| |...| #|.....|# #|........| |....| # ###|....| |...| #|.....|# #--.------- |....| ### ------ #-....| ---|- #-------# ########### ----|- # #+....| ------ ##### ### # # # # # ###|....| # # # # ### ### ###+....| ## # # # # # # |....| ------|------# # # ### ### ### |....| |...........|# ### # # # # ------ |...........|# #--------# ######## ### ---- |............# #|......|# -.-----|--- # |..| |...........| #|.......# |.........| |..| ------------- #-....>.| |.......>.| ---- -------- ----------- # Zazza the Rambler Experience level: 1 Strength: 10 Dexterity: 12 Constitution: 12 Intelligence: 14 Wisdom: 9 Charisma: 18 Health: 0(10) Energy: 2(2) Def: 0 Gold: 750 Moves: 1025 Dungeon seed: tktIUvSwndhauLPI Game ID: Zazza_1618678903 Your Inventory: Coins $ - 750 gold pieces Weapons a - 34 +2 darts (in quiver) q - 2 +0 arrows z - the +0 Cleaver (weapon in hands) Armor e - an uncursed +0 Hawaiian shirt (being worn) Comestibles b - an uncursed slime mold c - 2 uncursed apples d - 3 uncursed food rations f - 2 uncursed cloves of garlic D - an uncursed lichen corpse Scrolls k - an uncursed scroll of magic mapping l - 2 blessed scrolls of magic mapping o - an uncursed scroll of confuse monster t - an uncursed scroll of food detection u - a blessed scroll of light v - an uncursed scroll of light y - an uncursed scroll of gold detection Potions j - 2 uncursed potions of extra healing p - a cursed potion of invisibility r - an uncursed potion of sickness w - an uncursed potion of fruit juice B - an uncursed potion of monster detection Rings A - an uncursed ring of shock resistance Wands s - a wand of undead turning (0:3) x - a wand of speed monster (0:1) Tools m - an expensive camera (0:30) n - an uncursed credit card Spells and supernatural/magical abilities: Name Level Category Fail Memory W - pray for help -- divine ? -- Your skills at the end: Fighting Skills Weapon Skills dart [Basic] Spellcasting Skills Final Attributes: You were nominally aligned. You were fast. You are dead. Vanquished creatures: a hobbit a red mold a gecko 4 jackals a goblin 3 lichens 5 newts 16 creatures vanquished. Voluntary challenges: You were an atheist. You used a wielded weapon 2 times, starting on turn 664. You read items or engraved 5 times, starting on turn 441. You never genocided any monsters. You never polymorphed an object. You never changed form. You used no wishes. You never split a pudding. You wrote Elbereth's name 4 times, starting on turn 441. You never violated your personal moral code. Dungeon overview: The Dungeons of Doom: levels 1 to 3 Level 1 a long staircase Level 2 some fountains Level 3 <- You were here stairs to The Gnomish Mines The Gnomish Mines: Level 4 stairs to The Dungeons of Doom History has recorded: On T:1 you entered the Dungeons of Doom to retrieve the Amulet of Yendor! On T:439 you reached level 2 of The Dungeons of Doom. On T:868 you reached level 3 of The Dungeons of Doom. On T:987 you reached level 1 of The Gnomish Mines. Score breakdown: Gold: 78 ( 6455 points) Experience: 1 level ( 0 points) Exploration: 4 levels ( 7.84%) ( 7348 points) Discoveries: 2 items ( 0.67%) ( 2457 points) Valuables value: (no points given unless you survive) Artifact value: 1500 (10804 points) Variety of kills: 7 monsters ( 1.84%) ( 4066 points) Turncount: 1025 turns ( 0 points) Survival: died (score multiplied by 80%) Total score: 24904 Latest messages: You succeed in picking the lock. The door opens. You kill the jackal! There is an open door here. You see here a jackal corpse. This jackal corpse tastes terrible! You finish eating the jackal corpse. You hear a door open. $ - 18 gold pieces. A cloud of gas puts you to sleep! You are hit! It hits! (2x) The combat suddenly awakens you. You displace Armand. Armand bites the hobbit. The hobbit hits Armand. (2x) Armand bites the hobbit. The hobbit is killed! Armand eats a hobbit corpse. You hear some noises. You displace Armand. The gecko bites! You die... Final status: Aloha Zazza the Tourist, killed by a gecko... You died in The Dungeons of Doom on dungeon level 3 with 24904 points, and 750 pieces of gold, after 1025 moves. You were level 1 with a maximum of 10 hit points when you died.